 Dungeon Crawl Stone Soup version 0.27.1-3-gb3d3a73c9e (webtiles) character file.

Game seed: 16373351797449572747

245 styxcanada the Covert (level 5, -11/27 HPs)
             Began as a Spriggan Brigand on Oct 31, 2021.
             Mangled by a goblin (20 damage)
             ... on level 3 of the Dungeon.
             The game lasted 00:10:50 (3183 turns).

styxcanada the Covert (Spriggan Brigand)            Turns: 3183, Time: 00:10:51

Health: -11/27     AC:  3    Str:  7    XL:     5   Next: 84%
Magic:  6/6        EV: 17    Int: 12    God:
Gold:   58         SH:  0    Dex: 18    Spells: 4/4 levels left

rFire    . . .     SeeInvis +   k - +2 dagger (speed)
rCold    . . .     Faith    .   (shield restricted)
rNeg     . . .     Spirit   .   b - +0 robe
rPois    +         Reflect  .   (helmet restricted)
rElec    .         Harm     .   c - +0 cloak
rCorr    .         Rampage  .   (gloves unavailable)
Will     .....                  (boots unavailable)
Stlth    ++++......             (no amulet)
HPRegen  0.09/turn              i - ring of poison resistance
MPRegen  0.10/turn              (no ring)

@: very quick
A: very small, no large weapons, unfitting armour, see invisible, speed 3
a: no special abilities


You were on level 3 of the Dungeon.
You visited 1 branch of the dungeon, and saw 3 of its levels.

You collected 58 gold pieces.

Inventory:

Hand Weapons
 a - a +2 dagger
 k - a +2 dagger of speed (weapon)
Missiles
 d - 16 poisoned darts
 g - 49 sling bullets
 h - 87 stones
 o - 4 atropa-tipped darts (quivered)
 q - 6 boomerangs
Armour
 b - a +0 robe (worn)
 c - a +0 cloak (worn)
Magical Staves
 l - a staff of conjuration
Jewellery
 i - a ring of poison resistance (left hand)
Scrolls
 f - a scroll of magic mapping {unknown}
 m - 2 scrolls of identify {unknown}
Potions
 j - a potion of heal wounds {unknown}
 n - a potion of berserk rage {unknown}
 p - a potion of mutation {unknown}
 r - a potion of flight {unknown}


   Skills:
 * Level 2.3 Fighting
 + Level 3.1 Short Blades
 + Level 2.9 Throwing
 * Level 2.7 Dodging
 * Level 8.6 Stealth


You had 4 spell levels left.
You didn't know any spells.
Your spell library was empty.

Dungeon Overview and Level Annotations

Branches:
Dungeon (3/15)

Altars:
Fedhas


Innate Abilities, Weirdness & Mutations

You are very small and have problems with some larger weapons.
You are too small for most types of armour.
You have supernaturally acute eyesight. (SInv)
You cover ground extremely quickly. (Speed+++)


Message History

Found 15 stones.
Found a blossoming altar of Fedhas.
Why would you want to do that?
Unknown command.
h - 87 stones (gained 15)
A rat comes into view.
The helpless rat fails to defend itself.
You perforate the rat like a sieve!!!
You kill the rat!
A jackal comes into view.
A bat, an adder, a jackal and a goblin come into view.
The goblin is wielding a +0 dagger of electrocution.
The goblin shouts!
Found a stone staircase leading up.
The jackal misses you.
You closely miss the jackal. You hit the jackal but do no damage.
The jackal closely misses you.
You completely miss the jackal.
The jackal bites you but does no damage.
You closely miss the jackal. The jackal completely misses you.
You hit the jackal but do no damage. The jackal closely misses you.
You hit the jackal.
The jackal is severely wounded.
You hit the jackal but do no damage.
The jackal is severely wounded.
The jackal barely misses you.
You hit the jackal.
The jackal is almost dead.
The jackal barely misses you.
You hit the jackal.
You kill the jackal!
You closely miss the goblin. You hit the goblin but do no damage.
The goblin hits you with a +0 dagger of electrocution.
You are electrocuted!
Ouch! That really hurt!
You hit the goblin.
The goblin is moderately wounded.
The goblin hits you with a +0 dagger of electrocution.
You are electrocuted!!
Ouch! That really hurt!
You die...

######## .......###
######...### #
≈≈§§..##...####### .#
.§..≈.####.......#####..###
§§§§≈.# ####...@g.........
.§§§≈.# #.#####.....##
._.§§.# #.# #.##...#
...≈≈.# #.# ... ....
≈≈≈.§.# ... .##.. ..
.§§§≈.# ..# ## ..g ≈§≈≈..#
#### ..S. ######.. #.... .#
#<..#


You could see a goblin.

Vanquished Creatures
  An ogre (D:2)
  2 orc wizards (D:3)
  4 adders
  A dart slug (D:2)
  7 orcs (D:3)
  A bat (D:2)
  7 endoplasms
  3 giant cockroaches
  5 goblins
  6 hobgoblins
  3 jackals
  5 quokkas
  5 ball pythons
  3 frilled lizards
  6 kobolds
  9 rats
68 creatures vanquished.

Notes
Turn   | Place    | Note
-------+----------+-------------------------------------------
     0 | D:1      | styxcanada the Spriggan Brigand began the quest for the
                  | Orb.
     0 | D:1      | Reached XP level 1. HP: 10/10 MP: 2/2
    36 | D:1      | Reached skill level 6 in Stealth
   389 | D:1      | Reached XP level 2. HP: 12/14 MP: 3/3
   916 | D:1      | Found a faded altar of an unknown god.
  1172 | D:1      | Reached XP level 3. HP: 18/18 MP: 4/4
  1575 | D:2      | Noticed an ogre
  1601 | D:2      | Killed an ogre
  1602 | D:2      | Reached skill level 7 in Stealth
  1602 | D:2      | Reached XP level 4. HP: 23/23 MP: 5/5
  1794 | D:2      | Reached XP level 5. HP: 26/26 MP: 6/6
  1870 | D:2      | Reached skill level 8 in Stealth
  3127 | D:3      | Found a blossoming altar of Fedhas.
  3183 | D:3      | Mangled by a goblin

Illustrated notes

Levels and vault maps discovered:
D:1:      amcnicky_arrival_abandoned_market, layout_basic,
          hellmonk_ecumenical_altar_blasted, hangedman_decor_slide_cut,
          minmay_stone_trees_medium
D:2:      layout_loops_corners, hex_tiny
D:3:      layout_rooms, mainiacjoe_overflow_paths, kennysheep_path_1,
          grunt_ministairs_2, uniq_natasha

Skill      XL: |  1  2  3  4  5 |
---------------+----------------+-----
Stealth        | 6 7 8 |  8.6
Fighting       | 2 |  2.3
Dodging        | 2 |  2.7
Short Blades   | 3 |  3.1
Throwing       | |  2.9

Action                   |  1- 3 |  4- 6 || total
-------------------------+-------+-------++-------
Melee: Dagger            |    94 |   109 ||   203
Throw: Dart              |    17 |    30 ||    47
       Stone             |       |     1 ||     1
 Stab: Sleeping          |     9 |    14 ||    23
Armor: Robe              |    10 |     5 ||    15
Dodge: Dodged            |    57 |    53 ||   110
